 Dungeon Crawl Stone Soup version 0.30.0-10-gfe55d96785 (webtiles) character file.

Game seed: 8303109805529014438

55514 LoNine the Severer (level 14, 0/129 HPs)
             Began as a Minotaur Fighter on May 14, 2023.
             Was the Champion of Okawaru.
             Killed from afar by an oklob plant (8 damage)
             ... with a splash of acid
             ... on level 5 of the Lair of Beasts.
             The game lasted 01:12:03 (19689 turns).

LoNine the Severer (Minotaur Fighter)              Turns: 19689, Time: 01:12:04

Health: 0/129      AC: -3    Str: 36    XL:     14   Next: 38%
Magic:  17/17      EV:  8    Int:  8    God:    Okawaru [******]
Gold:   1269       SH:  0    Dex: 19    Spells: 13/13 levels left

rFire   + + .        a - +10 broad axe of the Assorted Olives {drain, rF+ rCorr Dex+2 Stlth+}
rCold   + + .        (no shield)
rNeg    . . .        J - +0 plate armour
rPois   +            (helmet restricted)
rElec   +            A - scarf of Tefukhe {rC+ rF+, Drain Int+3 Slay+5}
rCorr   +            x - +0 pair of gloves
SInv    .            K - +1 pair of boots "Weutiu" {rElec rC+ Slay+3 Stlth+}
Will    +....        (no amulet) Stlth
                     S - ring of Etrugell {rPois rCorr Str+5 Dex+6 Stlth-}
HPRegen 0.41/turn    u - +6 ring of strength
MPRegen 0.15/turn

%: no passive effects
@: about to teleport, corroded
A: horns 2, retaliatory headbutt
a: Renounce Religion, Heroism, Finesse, Duel


You were on level 5 of the Lair of Beasts.
You worshipped Okawaru.
Okawaru was exalted by your worship.
You visited 3 branches of the dungeon, and saw 18 of its levels.

You collected 1269 gold pieces.

Inventory:

Hand Weapons
 a - the +10 broad axe of the Assorted Olives (weapon) {drain, rF+ rCorr Dex+2 Stlth+}
   (Okawaru gifted it to you on level 4 of the Lair of Beasts)

   Dex:       It affects your dexterity (+2).
   rF:        It protects you from fire.
   rCorr:     It protects you from acid and corrosion.
   Stlth:     It makes you more stealthy.
 b - a +0 battleaxe of flaming
Missiles
 g - a throwing net (quivered)
 p - 6 javelins
 s - 9 datura-tipped darts
 L - 29 poisoned darts
 N - 5 curare-tipped darts
 P - 3 silver javelins
 Q - 41 stones
Armour
 c - a +0 buckler
 x - a +0 pair of gloves (worn)
 A - the scarf of Tefukhe (worn) {rC+ rF+, Drain Int+3 Slay+5}
   (You found it on level 5 of the Dungeon)

   Int:       It affects your intelligence (+3).
   Slay:      It affects your accuracy & damage with ranged weapons and melee
   (+5).
   Drain:     It drains your maximum health when unequipped.
 J - a +0 plate armour (worn)
 K - the +1 pair of boots "Weutiu" (worn) {rElec rC+ Slay+3 Stlth+}
   (You found it on level 10 of the Dungeon)

   Slay:      It affects your accuracy & damage with ranged weapons and melee
   (+3).
   rC:        It protects you from cold.
   rElec:     It insulates you from electricity.
   Stlth:     It makes you more stealthy.
Jewellery
 o - a +5 ring of evasion
 u - a +6 ring of strength (right hand)
 y - a ring of poison resistance
 M - a ring of willpower
 R - a ring of fire
 S - the ring of Etrugell (left hand) {rPois rCorr Str+5 Dex+6 Stlth-}
   (You found it on level 3 of the Lair of Beasts)

   [ring of dexterity]

   Str:       It affects your strength (+5).
   Dex:       It affects your dexterity (+6).
   rPois:     It protects you from poison.
   rCorr:     It protects you from acid and corrosion.
   Stlth:     It makes you less stealthy.
 X - a ring of flight
 Z - a ring of ice
Wands
 l - a wand of charming (31)
 m - a wand of iceblast (14)
 t - a wand of acid (13)
 C - a wand of polymorph (12)
 E - a wand of flame (24)
Scrolls
 e - a scroll of blinking
 n - 4 scrolls of enchant weapon
 q - 8 scrolls of teleportation
 D - 6 scrolls of magic mapping
 H - 3 scrolls of fear
 O - 2 scrolls of brand weapon
 V - a scroll of identify
 W - a scroll of torment {unknown}
Potions
 d - 7 potions of might
 i - 4 potions of flight
 j - 2 potions of heal wounds
 k - 6 potions of curing
 r - a potion of invisibility {unknown}
 v - 4 potions of mutation
 w - 3 potions of lignification
 z - a potion of berserk rage {unknown}
 B - 2 potions of haste
 G - 2 potions of resistance {unknown}
 I - a potion of ambrosia {unknown}
 T - a potion of magic {unknown}
 U - a potion of brilliance {unknown}
Miscellaneous
 h - a tin of tremorstones (2/2)


   Skills:
 + Level 13.1 Fighting
 * Level 17.7 Axes
 - Level 5.0 Throwing
 + Level 13.2 Armour
 + Level 13.2 Shields
 + Level 6.6 Invocations
 - Level 5.0 Evocations


You had 13 spell levels left.
You didn't know any spells.
Your spell library contained the following spells:

 Spells                   Type           Power      Damage    Failure   Level
 Freeze                   Ice            0%         1d3       89%         1
 Magic Dart               Conj           0%         1d3       89%         1
 Sting                    Tmut/Pois      0%         1d3       89%         1
 Poisonous Vapours        Pois/Air       0%         N/A       96%         2
 Static Discharge         Conj/Air       0%         2-2/arc   96%         2
 Sublimation of Blood     Necr           0%         N/A       96%         2
 Frozen Ramparts          Ice            0%         1d1       99%         3
 Hailstorm                Conj/Ice       0%         3d3       99%         3
 Mephitic Cloud           Conj/Pois/Air  0%         N/A       99%         3
 Vhi's Electric Charge    Tloc/Air       0%         N/A       99%         3
 Airstrike                Air            0%         2d(0-16)  100%        4
 Ice Form                 Ice/Tmut       0%         N/A       100%        4
 Manifold Assault         Tloc           0%         N/A       100%        4
 Olgreb's Toxic Radiance  Pois           0%         N/A       100%        4
 Petrify                  Tmut/Erth      0%         N/A       100%        4
 Alistair's Intoxication  Tmut/Pois      0%         N/A       100%        5
 Arcjolt                  Conj/Air       0%         1d10      100%        5
 Blade Hands              Tmut           0%         N/A       100%        5
 Borgnjor's Vile Clutch   Necr/Erth      0%         N/A       100%        5
 Freezing Cloud           Conj/Ice/Air   0%         6-21      100%        5
 Irradiate                Conj/Tmut      0%         3d11      100%        5
 Dispersal                Tloc           0%         N/A       100%        6
 Eringya's Noxious Bog    Tmut/Pois      0%         N/A       100%        6
 Iron Shot                Conj/Erth      0%         9d1       100%        6
 Plasma Beam              Fire/Air       0%         2x1d11    100%        6
 Disjunction              Tloc           0%         N/A       100%        8
 Call Imp                 Summ           Unusable   N/A       N/A         2
 Animate Armour           Summ/Erth      Unusable   N/A       N/A         4
 Summon Lightning Spire   Summ/Air       Unusable   N/A       N/A         4
 Simulacrum               Ice/Necr       Unusable   N/A       N/A         6

Dungeon Overview and Level Annotations

Branches:
Dungeon (12/15)            Temple (1/1) D:4            Lair (5/5) D:10
 Shoals (0/4) Lair:3        Snake (0/4) Lair:2        Slime (0/5) Lair:5
    Orc (0/2) D:11

Altars:
Ashenzari
Cheibriados
Dithmenos
Elyvilon
Fedhas
Gozag
Hepliaklqana
Kikubaaqudgha
Makhleb
Nemelex Xobeh
Okawaru
Qazlal
Ru
Sif Muna
Trog
Uskayaw
Vehumet
Wu Jian
Xom
Yredelemnul
Zin
The Shining One
Jiyva

Shops:
D:2 :(   D:6 (   D:11 [

Annotations:
D:7 3 runed translucent doors, Mandevil's ghost, novice MiRe
Lair:5 exclusion: 4 oklob plants


Innate Abilities, Weirdness & Mutations

You have a pair of horns on your head.
You reflexively headbutt those who attack you in melee.


Message History

You slice the oklob plant!! You drain the oklob plant.
You headbutt the oklob plant, but do no damage.
The oklob plant is almost destroyed.
You hit the oklob plant but do no damage.
You drain the oklob plant.
You destroy the oklob plant!
Okawaru accepts your kill. The oklob plant spits acid at you.
The splash of acid hits you! You resist. The oklob plant spits acid at you.
The splash of acid hits you! You resist.
* * * LOW HITPOINT WARNING * * *
The oklob plant spits acid at you. The splash of acid hits you! You resist.
* * * LOW HITPOINT WARNING * * *
The oklob plant spits acid at you. The splash of acid hits you! You resist.
* * * LOW HITPOINT WARNING * * *
You feel much better. The oklob plant spits acid at you.
The splash of acid hits you! You resist.
* * * LOW HITPOINT WARNING * * *
You feel much better. The oklob plant spits acid at you.
The splash of acid hits you! You resist. The acid corrodes you!
As you read the scroll of teleportation, it crumbles to dust.
You feel strangely unstable. The oklob plant spits acid at you.
The splash of acid hits you! You resist.
* * * LOW HITPOINT WARNING * * *
The oklob plant spits acid at you. The splash of acid hits you! You resist.
* * * LOW HITPOINT WARNING * * *
The acid corrodes you! The oklob plant spits acid at you.
The splash of acid hits you! You resist.
* * * LOW HITPOINT WARNING * * *
The oklob plant spits acid at you. The splash of acid hits you! You resist.
You die...

##..........#~.~~~~~≈≈≈~~~~##~~≈
#...P....####~~~≈≈≈≈≈~~~~~~##≈.
#....#....#.#..~~~≈~≈~~~~≈~##..
#........#..#~..~~~~~~~~~~~##..
##.#.....##.....~~~~~~~.P...~###
##..#.......#..#...........####
#...........#...#.#........#
##...............#...P.....# ###
#..............@...........##.##
####.....#...#.#........#.##....
##.........####...............
#........######....PP......###
#......##.#.##.#.._>.....†.
##..................PP....##
#.#...#.......#P..........
###..###..................
#.........##.##.#.#.#.###


You could see 4 oklob plants.

Vanquished Creatures
  Kirke (Lair:3)
  Nessos (Lair:3)
  3 hydras
  A catoblepas (Lair:5)
  3 two-headed ogres
  A tengu warrior (D:12)
  7 death yaks
  Amaemon (D:10)
  A fire crab (Lair:4)
  A skeletal warrior (D:12)
  3 skysharks
  2 goliath frogs (Lair:5)
  A slime creature (D:8)
  A deep elf pyromancer (D:12)
  2 oklob plants (Lair:5)
  3 cyclopes
  A manticore (Lair:3)
  12 elephants
  3 black mambas
  An orange demon (D:10)
  A gargoyle (D:11)
  3 unseen horrors
  15 cane toads
  3 rime drakes
  2 kobold demonologists (D:10)
  10 komodo dragons
  An efreet (D:12)
  A wind drake (Lair:3)
  6 trolls
  A tyrant leech (Lair:5)
  Grinder (D:2)
  10 blink frogs (Lair:5)
  Prince Ribbit (D:9)
  A shadow (D:11)
  65 yaks
  2 wraiths
  6 wyverns
  A basilisk (Lair:4)
  3 hogs
  2 humans (Lair:4)
  9 vampire mosquitoes
  Edmund (D:4)
  17 water moccasins
  Duvessa (D:6)
  3 orc warriors (D:11)
  3 ice beasts
  3 black bears
  5 ogres
  8 wolves
  3 centaurs
  2 phantoms
  3 kobold brigands
  15 bullfrogs
  A gnoll sergeant (D:7)
  6 scorpions
  Dowan (D:6)
  4 killer bees (D:9)
  2 howler monkeys (D:7)
  A gnoll bouda (D:7)
  4 hounds
  3 orc priests
  A jelly (D:4)
  Crazy Yiuf (D:5)
  A sleepcap (D:6)
  Ijyb (D:3)
  An iguana (D:5)
  Natasha (thrice) (D:3)
  6 orc wizards
  4 gnolls (D:7)
  4 adders
  A shadow imp (D:6)
  A white imp (D:8)
  2 ufetubi (D:7)
  3 dart slugs
  24 orcs
  5 endoplasms
  2 giant cockroaches
  15 goblins
  7 hobgoblins
  A jackal (D:4)
  23 kobolds
  5 quokkas
  6 ball pythons
  7 bats
  4 frilled lizards
  4 rats
411 creatures vanquished.

Notes
Turn   | Place    | Note
-------+----------+-------------------------------------------
     0 | D:1      | LoNine the Minotaur Fighter began the quest for the Orb.
     0 | D:1      | Reached XP level 1. HP: 19/19 MP: 0/0
   223 | D:1      | Reached XP level 2. HP: 27/27 MP: 1/1
   335 | D:1      | Reached skill level 3 in Axes
   678 | D:2      | Found Jiviudd's Book Shop.
   714 | D:2      | Found Reucs's Weapon Emporium.
   858 | D:2      | Reached XP level 3. HP: 25/33 MP: 2/2
  1165 | D:3      | Noticed Grinder
  1209 | D:2      | Killed Grinder
  1210 | D:2      | Reached skill level 4 in Axes
  1210 | D:2      | Reached XP level 4. HP: 41/41 MP: 3/3
  1210 | D:2      | Reached XP level 5. HP: 47/47 MP: 4/4
  1428 | D:3      | Noticed Natasha
  1434 | D:3      | Reached skill level 5 in Axes
  1436 | D:3      | Killed Natasha
  1438 | D:3      | Noticed Natasha
  1448 | D:3      | Killed Natasha
  1449 | D:3      | Reached XP level 6. HP: 54/55 MP: 5/5
  1522 | D:3      | Noticed Natasha
  1529 | D:3      | Killed Natasha
  1530 | D:3      | Reached skill level 5 in Fighting
  1631 | D:3      | Noticed Ijyb
  1642 | D:3      | Killed Ijyb
  1643 | D:3      | Reached skill level 5 in Armour
  1643 | D:3      | Reached skill level 5 in Shields
  2223 | D:4      | Reached skill level 6 in Axes
  2228 | D:4      | Reached XP level 7. HP: 60/61 MP: 6/6
  2322 | D:4      | Found an opulent altar of Gozag.
  2322 | D:4      | Found a glowing silver altar of Zin.
  2719 | D:4      | Found a staircase to the Ecumenical Temple.
  2846 | D:4      | Noticed Edmund
  2853 | D:4      | Killed Edmund
  2972 | D:4      | Reached skill level 7 in Axes
  3055 | D:4      | Found a snail-covered altar of Cheibriados.
  3187 | Temple   | Entered the Ecumenical Temple
  3670 | Temple   | Became a worshipper of Warmaster Okawaru
  3888 | D:5      | Entered Level 5 of the Dungeon
  4043 | D:5      | Noticed a wraith
  4057 | D:5      | Killed a wraith
  4057 | D:5      | Reached * piety under Okawaru
  4058 | D:5      | Reached XP level 8. HP: 48/71 MP: 7/7
  4573 | D:5      | Identified the scarf of Tefukhe {rC+ rF+, Drain Int+3
                  | Slay+5}
  4658 | D:5      | Reached skill level 8 in Axes
  4682 | D:5      | Found a sparkling altar of Nemelex Xobeh.
  4837 | D:5      | Found a runed translucent door.
  4838 | D:5      | Noticed Crazy Yiuf
  4951 | D:5      | Killed Crazy Yiuf
  4990 | D:6      | Reached skill level 1 in Throwing
  5052 | D:6      | Reached skill level 1 in Evocations
  5372 | D:6      | Found Esai's Antique Weapon Emporium.
  5523 | D:6      | Noticed Dowan
  5525 | D:6      | Noticed Duvessa
  5537 | D:6      | Killed Dowan
  5538 | D:6      | Reached XP level 9. HP: 79/79 MP: 8/8
  5548 | D:6      | Killed Duvessa
  5548 | D:6      | Reached ** piety under Okawaru
  5666 | D:6      | Reached skill level 9 in Axes
  5943 | D:7      | Found a runed translucent gate.
  5944 | D:7      | Found a runed translucent gate.
  5945 | D:7      | Found a runed translucent gate.
  6108 | D:7      | Reached *** piety under Okawaru
  6129 | D:7      | Noticed Mandevil's ghost (novice MiRe)
  6908 | D:8      | Killed a very large slime creature
  6909 | D:8      | Reached skill level 10 in Axes
  7237 | D:8      | Noticed a troll
  7248 | D:8      | Killed a troll
  7369 | D:8      | Noticed a centaur warrior
  7369 | D:8      | Noticed a centaur warrior
  7369 | D:8      | Noticed a cyclops
  7369 | D:8      | Noticed a troll
  7370 | D:8      | Noticed a skeletal warrior
  7379 | D:8      | Noticed a queen bee
  7462 | D:8      | Noticed a meliai
  7515 | D:8      | Noticed a fire crab
  7703 | D:9      | Reached XP level 10. HP: 83/88 MP: 9/9
  7770 | D:9      | Found a radiant altar of Vehumet.
  7771 | D:9      | Found a white marble altar of Elyvilon.
  7836 | D:9      | Found a burning altar of Makhleb.
  7837 | D:9      | Found a stormy altar of Qazlal.
  7859 | D:9      | Found a shimmering blue altar of Sif Muna.
  7861 | D:9      | Noticed Prince Ribbit
  7871 | D:9      | Killed Prince Ribbit
  8045 | D:9      | Found a broken altar of Ashenzari.
  8160 | D:9      | Noticed a two-headed ogre
  8168 | D:9      | Killed a two-headed ogre
  8442 | D:9      | Found a shimmering altar of Xom.
  8450 | D:9      | Found a hazy altar of Hepliaklqana.
  8472 | D:9      | Found a glowing golden altar of the Shining One.
  8600 | D:10     | Entered Level 10 of the Dungeon
  8641 | D:9      | Reached skill level 11 in Axes
  8784 | D:9      | Reached **** piety under Okawaru
  8978 | D:9      | Received a gift from Okawaru
  9208 | D:10     | Identified the +1 pair of boots "Weutiu" {rElec rC+ Slay+3
                  | Stlth+}
  9366 | D:10     | Noticed an orange demon
  9377 | D:10     | Killed an orange demon
  9412 | D:10     | Noticed Amaemon
  9440 | D:10     | Killed Amaemon
  9441 | D:10     | Reached skill level 5 in Throwing
  9704 | D:10     | Received a gift from Okawaru
  9705 | D:10     | Reached XP level 11. HP: 97/97 MP: 10/10
  9732 | D:10     | Found a staircase to the Lair.
  9877 | D:11     | Noticed a two-headed ogre
  9879 | D:11     | Noticed a soul eater
 10018 | D:10     | Killed a two-headed ogre
 10019 | D:10     | Reached skill level 12 in Axes
 10074 | D:11     | Reached ***** piety under Okawaru
 10160 | D:11     | You fall into a shaft and drop 1 floor!
 10289 | D:12     | Reached skill level 5 in Evocations
 10291 | D:12     | Received a gift from Okawaru
 10313 | D:11     | Found Acamigu's Armour Shoppe.
 10335 | D:11     | Received a gift from Okawaru
 10367 | D:11     | Found a staircase to the Orcish Mines.
 11025 | D:11     | Found a shadowy altar of Dithmenos.
 11140 | D:12     | Reached skill level 13 in Axes
 11140 | D:12     | Reached skill level 10 in Armour
 11376 | D:12     | Noticed a tengu warrior
 11378 | D:12     | Noticed a skeletal warrior
 11380 | D:12     | Noticed a two-headed ogre
 11382 | D:12     | Reached skill level 10 in Fighting
 11382 | D:12     | Reached skill level 10 in Shields
 11397 | D:12     | Killed a two-headed ogre
 11670 | D:12     | Killed a skeletal warrior
 11784 | D:12     | Identified the +0 quarterstaff "Wuddob" {heavy, +Blink}
 11922 | D:12     | Noticed a deep elf pyromancer
 11931 | D:12     | Killed a deep elf pyromancer
 12127 | D:12     | Killed a tengu warrior
 12128 | D:12     | Reached XP level 12. HP: 107/107 MP: 11/11
 12306 | D:12     | Received a gift from Okawaru
 12445 | Lair:1   | Entered Level 1 of the Lair of Beasts
 12471 | Lair:1   | Reached skill level 14 in Axes
 12690 | Lair:1   | Reached skill level 1 in Invocations
 12872 | Lair:1   | Reached ****** piety under Okawaru
 13559 | Lair:2   | Noticed a death yak
 13569 | Lair:2   | Noticed a death yak
 13570 | Lair:2   | Noticed a death yak
 14131 | Lair:2   | Found a staircase to the Snake Pit.
 14272 | Lair:2   | Killed a death yak
 14272 | Lair:2   | Identified the scarf "Taneigyrr" {repulsion, rF+ Int+4}
                  | (Okawaru gifted it to you on level 2 of the Lair of Beasts)
 14272 | Lair:2   | Received a gift from Okawaru
 14279 | Lair:2   | Killed a death yak
 14280 | Lair:2   | Reached skill level 15 in Axes
 14289 | Lair:2   | Killed a death yak
 14675 | Lair:3   | Noticed a five-headed hydra
 14695 | Lair:2   | Killed a two-headed hydra
 14987 | Lair:3   | Identified the ring of Etrugell {rPois rCorr Str+5 Dex+6
                  | Stlth-}
 15204 | Lair:3   | Reached XP level 13. HP: 68/116 MP: 14/14
 15675 | Lair:3   | Found a staircase to the Shoals.
 16230 | Lair:4   | Noticed Nessos
 16254 | Lair:3   | Killed Nessos
 16515 | Lair:4   | Noticed Kirke
 16823 | Lair:3   | Reached skill level 16 in Axes
 16830 | Lair:3   | Killed Kirke
 17231 | Lair:4   | Identified the +10 broad axe of the Assorted Olives {drain,
                  | rF+ rCorr Dex+2 Stlth+} (Okawaru gifted it to you on level
                  | 4 of the Lair of Beasts)
 17231 | Lair:4   | Received a gift from Okawaru
 17374 | Lair:4   | Reached skill level 5 in Invocations
 17923 | Lair:5   | Entered Level 5 of the Lair of Beasts
 18526 | Lair:5   | Identified the +7 halberd of Ascent {antimagic, rElec rF-
                  | Str+5} (Okawaru gifted it to you on level 5 of the Lair of
                  | Beasts)
 18526 | Lair:5   | Received a gift from Okawaru
 18614 | Lair:5   | Reached skill level 17 in Axes
 18630 | Lair:5   | Reached XP level 14. HP: 91/127 MP: 17/17
 19135 | Lair:5   | Received a gift from Okawaru
 19662 | Lair:5   | Found a viscous altar of Jiyva.
 19666 | Lair:5   | Found a staircase to the Slime Pits.
 19689 | Lair:5   | Killed from afar by an oklob plant

Illustrated notes

Levels and vault maps discovered:
D:1:      pf_arrival_petrified_forest, layout_loops_ring
D:2:      layout_rooms, serial_shops, shop, shop
D:3:      layout_basic, minmay_goblin_kobold_house, uniq_ijyb, uniq_natasha,
          uniq_grinder
D:4:      wad_river_or_something, layout_loops_ring,
          grunt_temple_overflow_gold_and_silver, kennysheep_little_box,
          minmay_temple_entry_mist, dk_noncrumbling_4, nicolae_titane,
          uniq_edmund
D:5:      layout_rooms, nemelex_dance_club_becter, uniq_crazy_yiuf_cottage
D:6:      layout_gridville, serial_shops, nicolae_shop_advertising_works
          [nicolae_subvault_shop_adworks], uniq_duvessa
D:7:      layout_cave_pools, gammafunk_ghost_icy, nicolae_grassy_gnolls
D:8:      layout_basic, minivault_12
D:9:      layout_loops_cross, worldfamousw_hep_ancestral_shrine,
          evilmike_ruin_ashenzari, kennysheep_mini, grunt_temple_overflow_open,
          kennysheep_mini_moat, chequers_garden,
          nicolae_concentric_dashed_squares_wild, uniq_prince_ribbit1
D:10:     layout_rooms, minmay_lair_entry_grove, uniq_amaemon
D:11:     layout_loops_ring, orc_david_3, grunt_dithmenos_shadows
D:12:     layout_irregular_city, minmay_mirror_moons_of_madness
Temple:   jpeg_temple_island
Lair:1:   layout_concentric_octagons, grunt_megastairs_2
Lair:2:   dreamdust_cave_troll, layout_regular_city, dummy_snake_entry
Lair:3:   layout_loops_ring, minmay_shoals_entry_beasts
Lair:4:   layout_long_grid, wad_woods_river_04,
          eino_small_chamber_without_monster, minivault_19, beast_lair_carwin_1,
          uniq_kirke, uniq_nessos
Lair:5:   minmay_lair_end_frog_pond, layout_loops_ring,
          minmay_slime_entry_oklob_open, infiniplex_staircase_pool_2,
          lemuel_fruit_tree

Skill      XL: |  1  2  3  4  5  6  7  8  9 10 11 12 13 14 |
---------------+-------------------------------------------+-----
Axes           | 3 4 5 6 7 8 10 11 13 15 17 | 17.7
Armour         | 4 5 6 7 8 9 10 11 12 13 | 13.2
Shields        | 4 5 6 7 8 9 10 11 12 13 | 13.2
Fighting       | 4 5 6 7 8 9 10 11 12 13 | 13.1
Throwing       | 2 3 5 |  5.0
Evocations     | 1 3 4 5 |  5.0
Invocations    | 3 5 6 |  6.6

Action                     |  1- 3 |  4- 6 |  7- 9 | 10-12 | 13-15 || total
---------------------------+-------+-------+-------+-------+-------++-------
  Melee: War axe           |    68 |    67 |   198 |   318 |       ||   651
         Headbutt          |    10 |    11 |    37 |    85 |    56 ||   199
         Battleaxe         |       |       |       |    26 |    69 ||    95
         Broad axe         |       |       |       |       |   139 ||   139
         Punch             |       |       |       |       |     1 ||     1
  Throw: Stone             |    13 |     8 |    26 |    58 |       ||   105
         Boomerang         |       |       |       |   110 |   180 ||   290
 Invoke: Heroism           |       |       |     1 |     3 |     1 ||     5
    Use: Scroll            |       |     7 |     8 |     8 |     1 ||    24
         Potion            |       |       |       |     2 |     3 ||     5
 Armour: Scale mail        |    17 |       |       |       |       ||    17
         Chain mail        |     2 |    17 |    51 |     5 |       ||    75
         Plate armour      |       |       |       |   190 |   125 ||   315
  Dodge: Dodged            |    42 |    44 |    88 |   122 |    71 ||   367
  Block: Buckler           |    14 |    17 |    35 |    87 |       ||   153
